cohdb
Replays
Latest Replays
All Replays
Popular Replays
Top Player Replays
Match Explorer
How It Works
Community
CoH3 Stats
Reddit
Sign in to upload your games and track your stats! →
Sign in with Steam
Match 44792244
Unlisted
Match 44792244
Overview
Messages
Build Orders
End
Construct Barracks
Riflemen Squad
1⁄4-ton 4x4 Truck
Engineer Squad
Riflemen Squad
Grenade Package
Riflemen Squad
Construct Medical Station
Selects Advanced Infantry Battlegroup
Selects Convert to Ranger Squad
Selects Designate Assault Position
Designate Assault Position
Infantry Support Center
Selects Ammunition Storage
Designate Assault Position
Construct Motor Pool
M1 Anti-tank Gun Team
Selects M2A1 105mm Howitzer Emplacement
✪ Maj.Swag
Patek
(B)urn (L)oot (M)urder
UH|ck
UH|XTC
iceman
0
0
Comments
sign in to comment!
No comments posted yet!